 Dungeon Crawl Stone Soup version 0.17-a0-1497-g03599f7 (webtiles) character file.

82 urechis the Grave Robber (level 4, -6/21 HPs)
             Began as a Vine Stalker Necromancer on July 6, 2015.
             Mangled by urechis's ghost (12 damage)
             ... on level 3 of the Dungeon.
             The game lasted 00:04:55 (1278 turns).

urechis the Grave Robber (Vine Stalker Necromancer) Turns: 1278, Time: 00:04:56

Health: -6/21      AC:  9    Str: 10    XL:     4   Next: 43%
Magic:  0/8        EV: 12    Int: 15    God:
Gold:   93         SH:  0    Dex: 16    Spells: 2 memorised, 5 levels left

rFire  x . .     SeeInvis .     d - +2 dagger (venom)
rCold  + . .     Clarity  .     a - +0 robe
rNeg   . . .     SustAt   .     (no shield)
rPois  .         Gourm    .     (no helmet)
rElec  .         Spirit   +     g - +0 cloak (curse)
rCorr  .         Warding  .     (no gloves)
rMut   .         Stasis   .     (no boots)
MR     .....                    (no amulet)
Stlth  ++........               l - +6 ring of protection
                                i - ring of ice

@: not resistant to hostile enchantments, unstealthy
A: fangs 2, regeneration 1, magic shield, antimagic bite, no device heal 3, rot
immunity
a: no special abilities


You were on level 3 of the Dungeon.
You were hungry.

You visited 1 branch of the dungeon, and saw 3 of its levels.

You collected 93 gold pieces.

Inventory:

Hand weapons
 d - a +2 dagger of venom (weapon)
Armour
 a - a +0 robe (worn)
 g - a cursed +0 cloak (worn)
Jewellery
 i - a ring of ice (left hand)
 l - a +6 ring of protection (right hand)
Scrolls
 f - a scroll of teleportation {unknown}
Potions
 e - 2 potions of cancellation {unknown}
 h - 3 potions of curing {unknown}
Books
 b - a book of Necromancy

   Spells                             Type                      Level
   a - Pain                           Necromancy                   1
   b - Animate Skeleton               Necromancy                   1
   c - Vampiric Draining              Necromancy                   3
   d - Regeneration                   Charms/Necromancy            3
   e - Animate Dead                   Necromancy                   4
   f - Control Undead                 Necromancy                   4
Comestibles
 c - 2 bread rations
 j - 4 chunks of flesh
 k - 4 fruits


   Skills:
 - Level 1.5 Dodging
 - Level 2.4 Stealth
 - Level 2.1 Spellcasting
 + Level 5.7 Necromancy


You had 5 spell levels left.
You knew the following spells:

 Your Spells              Type           Power        Failure   Level  Hunger
a - Pain                  Necr           ###.         1%          1    #......
b - Animate Skeleton      Necr           N/A          1%          1    #......


Dungeon Overview and Level Annotations

Branches:
Dungeon (3/15)

Altars:
The Shining One

Annotations:
D:3 urechis's ghost, average GrFi


Innate Abilities, Weirdness & Mutations

You have extremely sharp teeth.
Your natural rate of healing is unusually fast.
When hurt, damage is shared between your health and your magic reserves.
Your bite disrupts and absorbs the magic of your enemies.
Potions and wands cannot restore your health.
You are immune to rotting.


Message History

You kill the jackal!
You completely miss the giant newt. The giant newt barely misses you.
You hit the giant newt.
You kill the giant newt!
You hit urechis's ghost but do no damage.
Urechis's ghost is lightly damaged.
Urechis's ghost hits you.
You hit urechis's ghost but do no damage.
You bite urechis's ghost, but do no damage.
Urechis's ghost is lightly damaged.
Urechis's ghost hits you!
* * * LOW HITPOINT WARNING * * *
You are too injured to fight recklessly!
You are too injured to fight recklessly!
You are too injured to fight recklessly!
You hit urechis's ghost. Your bite misses urechis's ghost.
Urechis's ghost is lightly damaged.
Urechis's ghost hits you!
Ouch! That really hurt!
You die...

..........#.#
#......... .#
#......... .#
.........# .#
#........# .#
.........# .#
.........##.#
.........W@.#
.........#########
...............Z.#
........########.#
........# #.#
##.###### #Z# #.
#.# # #Z# #.#


You could see urechis's ghost.

Vanquished Creatures
  3 adders
  2 worms (D:2)
  2 giant geckos (D:2)
  5 bats
  3 giant cockroaches (D:1)
  9 goblins
  8 hobgoblins
  A ball python (D:2)
  4 giant newts
  3 jackals (D:3)
  5 kobolds
  3 rats
48 creatures vanquished.

Vanquished Creatures (collateral kills)
  A jackal (D:3)
1 creature vanquished.

Grand Total: 49 creatures vanquished

Notes
Turn   | Place    | Note
--------------------------------------------------------------
     0 | D:1      | urechis the Vine Stalker Necromancer began the quest for the Orb.
     0 | D:1      | Reached XP level 1. HP: 9/9 MP: 4/4
    92 | D:1      | Reached XP level 2. HP: 5/13 MP: 0/6
   536 | D:1      | Reached XP level 3. HP: 14/16 MP: 7/7
   694 | D:2      | Found a glowing golden altar of the Shining One.
   722 | D:2      | Reached skill level 5 in Necromancy
   870 | D:2      | Learned a level 1 spell: Animate Skeleton
   985 | D:2      | Reached XP level 4. HP: 18/21 MP: 8/8
  1243 | D:3      | Noticed urechis's ghost (average GrFi)
  1278 | D:3      | Mangled by urechis's ghost

Vault maps used:
D:1:      dpeg_arrival_signposts, roderic_hopi_sauvastika
D:2:      old_standard_altar, minivault_25, grunt_ministairs_8
D:3:      ecumenical_altar_2, st_stairs_7, xom_teletrap_fun

Action                   |  1- 3 |  4- 6 || total
-------------------------+-------+-------++-------
Melee: Unarmed           |    27 |       ||    27
       Dagger            |    69 |    37 ||   106
 Cast: Pain              |     8 |     4 ||    12
       Animate Skeleton  |       |     5 ||     5
 Stab: Sleeping          |     4 |     1 ||     5
  Eat: Chunk             |       |     1 ||     1
